 Dungeon Crawl Stone Soup version 0.21-a0-265-gb353147 (console) character file.

4 removed the Stinger (level 1, 0/14 HPs)
             Began as a Demigod Venom Mage on Sept 10, 2017.
             Slain by an ooze (5 damage)
             ... on level 1 of the Dungeon.
             The game lasted 00:02:19 (549 turns).

removed the Stinger (Demigod Venom Mage)             Turns: 549, Time: 00:02:19

Health: 0/14       AC:  2    Str: 11    XL:     1   Next: 40%
Magic:  5/5        EV: 12    Int: 19    God:
Gold:   19         SH:  0    Dex: 16    Spells: 2/3 levels left

rFire    . . .     SeeInvis .   (no weapon)
rCold    . . .     Gourm    .   (no shield)
rNeg     . . .     Faith    .   a - +0 robe
rPois    .         Spirit   .   (no helmet)
rElec    .         Reflect  .   (no cloak)
rCorr    .         Harm     .   (no gloves)
MR       .....                  (no boots)
Stlth    ++........             (no amulet)
HPRegen  0.04/turn              (no ring)
MPRegen  0.09/turn              (no ring)

@: no status effects
A: high mp 1
a: no special abilities


You were on level 1 of the Dungeon.
You were not hungry.

You visited 1 branch of the dungeon, and saw 1 of its levels.

You collected 19 gold pieces.

Inventory:

Armour
 a - a +0 robe (worn)
 e - a +0 leather armour of cold resistance
Scrolls
 d - 3 scrolls of identify {unknown}
Potions
 f - a potion of haste {unknown}
Books
 b - a Young Poisoner's Handbook

   Spells                             Type                      Level
   a - Sting                          Conjuration/Poison           1
   b - Poisonous Vapours              Poison/Air                   2
   c - Mephitic Cloud                 Conjuration/Poison/Air       3
   d - Olgreb's Toxic Radiance        Poison                       4
   e - Venom Bolt                     Conjuration/Poison           5
Comestibles
 c - a bread ration


   Skills:
 - Level 1.7 Dodging
 - Level 1.7 Stealth
 - Level 1.7 Spellcasting
 + Level 1.4 Conjurations
 - Level 2.6 Poison Magic


You had 2 spell levels left.
You knew the following spells:

 Your Spells              Type           Power        Failure   Level  Hunger
a - Sting                 Conj/Pois      #...         8%          1    #......


Dungeon Overview and Level Annotations

Branches:
Dungeon (1/15)


Innate Abilities, Weirdness & Mutations

You have an increased reservoir of magic. (+10% MP)


Message History

* * * LOW HITPOINT WARNING * * *
The ooze hits you.
* * * LOW HITPOINT WARNING * * *
There is an open door here.
The ooze looks more healthy.
All of the chunks of flesh in your inventory have rotted away.
There is an open door here.
There is an open door here.
You see here a robe.
The ooze hits you.
* * * LOW HITPOINT WARNING * * *
You see here a robe.
The ooze jiggles.
You see here a robe.
You see here a robe.
The ooze jiggles.
The ooze jiggles.
There is an escape hatch in the floor here.
The ooze hits you.
You die...

####...#...#.#..##.###.# ###
#.................... #..
##...#......###..###.# #.#
##.##...............# ##.#
######..#####..##### ##...
###..#####..# ######....
♣♣♣.#..#......# #.........
♣♣......#####.#####.####....
♣♣.......#..@J.......# ##...
♣........########..########.#
♣♣........# #......[.....
♣♣.........♣ #..##########
♣......[...♣ #..#
###.......[..♣ #..#
..#######....♣♣ #..#####
...'..........♣ ##......#
...#..........♣♣####.....#.#


You could see an ooze.

Vanquished Creatures
  A giant cockroach (D:1)
  A hobgoblin (D:1)
  A bat (D:1)
  A goblin (D:1)
4 creatures vanquished.

Notes
Turn   | Place    | Note
-------+----------+-------------------------------------------
     0 | D:1      | removed the Demigod Venom Mage began the quest for the Orb.
     0 | D:1      | Reached XP level 1. HP: 14/14 MP: 5/5
    49 | D:1      | Reached skill level 1 in Conjurations
   549 | D:1      | Slain by an ooze

Vault maps used:
D:1:      sevenhm_arrival_forest_fort_large_4, lexackson_kobold_supper

Skill      XL: |  1 |
---------------+----+-----
Conjurations   | 1 |  1.4
Dodging        | |  1.7
Stealth        | |  1.7
Spellcasting   | |  1.7
Poison Magic   | |  2.6

Action                   || total
-------------------------++-------
 Cast: Sting             ||    16
Armor: Robe              ||     1
Dodge: Dodged            ||     2

Table legend:
 A = Spawn XP
 B = Non-spawn XP
 C = Spawn XP percentage of total XP
 D = Spawn monster count
 E = Non-spawn monster count
 F = Spawn count percentage of total count
 G = Total turns spent on level
                    A         B        C        D         E        F      G
               +---------+---------+-------+---------+---------+-------+---------
         Total |       0 |       6 |   0.0 |       0 |       4 |   0.0 |   549
               +---------+---------+-------+---------+---------+-------+---------
           D:1 |       0 |       6 |   0.0 |       0 |       4 |   0.0 |   549
               +---------+---------+-------+---------+---------+-------+---------
